 Dungeon Crawl Stone Soup version 0.16.2-3-ga078185 (webtiles) character file.

6 dvd the Vexing (level 1, 0/7 HPs)
             Began as a Felid Enchanter on Sept 9, 2015.
             Slain by a giant gecko (4 damage)
             ... on level 1 of the Dungeon.
             The game lasted 00:02:22 (372 turns).

dvd the Vexing (Felid Enchanter)                     Turns: 372, Time: 00:02:23

Health: 0/7        AC:  1    Str:  4    XL:     1   Next: 75%
Magic:  2/4        EV: 18    Int: 16    God:
Gold:   35         SH:  0    Dex: 16    Spells: 1 memorised, 3 levels left
                                        Lives:  0   Deaths: 0

rFire  . . .     SeeInvis +       - Unarmed
rCold  . . .     Clarity  .     (armour unavailable)
rNeg   . . .     SustAb   .     (shield unavailable)
rPois  .         Gourm    .     (helmet unavailable)
rElec  .         Spirit   .     (cloak unavailable)
rCorr  .         Warding  .     (gloves unavailable)
rMut   .         Stasis   .     (boots unavailable)
MR     .....                    (no amulet)
Stlth  +++.......               (no ring)
                                (no ring)

@: quick, not resistant to hostile enchantments, fairly stealthy
A: paw claws, no armour, no weapons or thrown items, fangs 3, see invisible,
carnivore 3, speed 1, shaggy fur 1, slow metabolism 1, sharp paws
a: no special abilities


You were on level 1 of the Dungeon.
You were very full.

You visited 1 branch of the dungeon, and saw 1 of its levels.

You collected 35 gold pieces.

Inventory:

Scrolls
 a - a scroll of remove curse {unknown}
 b - a scroll of immolation {unknown}
 e - a scroll of enchant weapon {unknown}
Books
 c - a book of Maledictions

   Spells                             Type                      Level
   a - Corona                         Hexes                        1
   b - Sure Blade                     Hexes/Charms                 2
   c - Ensorcelled Hibernation        Hexes/Ice                    2
   d - Confuse                        Hexes                        3
   e - Dazzling Spray                 Conjuration/Hexes            3
   f - Enslavement                    Hexes                        4
Comestibles
 d - a meat ration


   Skills:
 + Level 2.8 Dodging
 + Level 4.4 Stealth
 + Level 1.0 Unarmed Combat
 + Level 2.0 Spellcasting
 + Level 4.5 Hexes


You had 3 spell levels left.
You knew the following spells:

 Your Spells              Type           Power        Failure   Level  Hunger
a - Corona                Hex            ###....      3%          1    #......


Dungeon Overview and Level Annotations

Branches:
Dungeon (1/15)

Altars:


Innate Abilities, Weirdness & Mutations

You cannot wear armour.
You are incapable of wielding weapons or throwing items.
You have razor-sharp teeth.
You have supernaturally acute eyesight.
You are carnivorous and can eat meat at any time.
You cover ground quickly.
You are covered in fur (AC +1).
You have a slow metabolism.
Your paws have sharp claws that are effective at stabbing.


Message History

A giant gecko comes into view.
Casting: Corona
Confirm with . or Enter, or press ? or * to list all spells.
Aiming: Corona
Press: ? - help, Shift-Dir - straight line, f - giant gecko
Aim: a giant gecko (clinging, hasn't noticed you, chance 71%)
The giant gecko is outlined in light.
You scratch the giant gecko but do no damage.
Your bite misses the giant gecko.
The giant gecko hisses menacingly.
The giant gecko completely misses you.
You scratch the giant gecko.
The giant gecko begins to bleed from its wounds!
The giant gecko is severely wounded.
The giant gecko closely misses you.
You scratch the giant gecko but do no damage.
The giant gecko is severely wounded.
The giant gecko barely misses you. The giant gecko bites you.
Ouch! That really hurt!
You die...

#.################.##########.#
#.#.....................r...#.#
#.#.######.......#.########.#K# #
#.#........#####.#.# #.#.#
#.#.#.#.####.....#.#.########.#.#
...............................>#
...............#.#.#.####.###รท#K#
###.#.#..........l............#.#
...#.######.#..@###.####.###.#.#
..........##..................#.#
##.#......##..#.(.....###.#.#.#.#
..........##..#...........#.#.#.#
...#......##..#.......###.###....
#.#....?.##..#..########.####### #
#......##..#..##..............
#.(.... #..#..#.#.....S......# #.#
.#..#..#......#...#.


You could see a giant gecko (bleeding).

Vanquished Creatures
  A giant gecko (D:1)
  A goblin (D:1)
  A ball python (D:1)
  A bat (D:1)
  2 rats (D:1)
6 creatures vanquished.

Notes
Turn   | Place    | Note
--------------------------------------------------------------
     0 | D:1      | dvd, the Felid Enchanter, began the quest for the Orb.
     0 | D:1      | Reached XP level 1. HP: 7/7 MP: 4/4
   372 | D:1      | Slain by a giant gecko

Action                   || total
-------------------------++-------
Melee: Unarmed           ||    24
 Cast: Corona            ||     9
 Stab: Sleeping          ||     1
  Eat: Chunk             ||     5
